Map: Port Aleksander LE

Players

Frumunda

  • Race: Protoss Protoss
  • League: Gold
  • Spawn Location: 5:00

GhostDk - Winner!

  • Race: Terran Terran
  • Spawn Location: 11:00

VOD

Have the link to the VOD?

Description

Time

  • Played on: March 10, 2019, 1:31 a.m.
  • Length: 26:09
Show
View Real Time Build Order
Export as new Build Order

Frumunda Protoss 

Build Orders: 1 Gate Expand, Double Forge 

Get SALT Encoding   

  12  0:01  Probe  
  13  0:14  Pylon  
  13  0:18  Probe  
  14  0:32  Probe, Gateway  
  15  0:40  Probe  
  15  0:49  Probe  
  16  0:54  Assimilator  
  17  1:02  Probe  
  18  1:14  Probe  
  19  1:19  Cybernetics Core  
  19  1:26  Probe  
  20  1:41  Nexus  
  20  1:43  Probe  
  21  1:56  Adept, Pylon  
  21  1:59  Assimilator  
  21  2:00  Warp Gate  
  23  2:14  Probe  
  24  2:23  Adept  
  26  2:53  Robotics Facility  
  26  3:00  Probe x2  
  28  3:07  Forge  
  28  3:10  Forge  
  28  3:12  Probe x2  
  30  3:22  Stalker  
  30  3:24  Probe x2  
  34  3:36  Probe x2  
  36  3:57  Probe x2  
  36  3:59  Protoss Ground Armor Level 1, Protoss Ground Weapons Level 1  
  38  4:07  Immortal  
  42  4:10  Probe x2  
  42  4:12  Pylon  
  44  4:22  Probe x2  
  46  4:26  Assimilator  
  46  4:29  Pylon  
  46  4:43  Robotics Bay  
  46  4:45  Probe x2  
  48  4:52  Sentry  
  48  4:57  Probe x2  
  52  5:02  Observer  
  52  5:06  Gateway  
  53  5:07  Gateway  
  53  5:09  Probe x2  
  53  5:10  Assimilator  
  55  5:16  Zealot, Immortal  
  57  5:28  Probe  
  62  5:33  Pylon  
  62  5:51  Probe  
  63  5:59  Pylon x2  
  63  6:03  Disruptor  
  66  6:04  Twilight Council  
  66  6:13  Stalker  
  66  6:14  Stalker  
  70  6:22  Nexus  
  70  6:28  Pylon  
  70  6:30  Pylon  
  70  6:32  Probe x2  
  72  6:37  Zealot x3  
  72  6:39  Disruptor  
  81  6:41  Charge  
  81  6:44  Protoss Ground Weapons Level 2, Protoss Ground Armor Level 2  
  81  6:47  Probe x2  
  83  7:01  Gateway  
  83  7:02  Sentry x3  
  83  7:03  Gateway  
  89  7:11  Shield Battery  
  88  7:16  Twilight Council  
  78  7:59  Photon Cannon  
  78  8:02  Photon Cannon  
  78  8:06  Probe  
  78  8:07  Probe  
  78  8:08  Probe  
  81  8:19  Probe x2  
  83  8:20  Probe  
  84  8:31  Probe x2  
  84  8:32  Probe  
  84  8:33  Photon Cannon  
  87  8:34  Shield Battery  
  87  8:37  Photon Cannon  
  87  8:39  Disruptor  
  87  8:40  Shield Battery  
  90  8:43  Probe  
  90  8:44  Zealot x5  
  101  8:59  Templar Archives  
  101  9:03  Probe x3  
  104  9:12  Pylon  
  104  9:15  Probe  
  104  9:16  Pylon  
  108  9:19  Assimilator  
  106  9:28  Probe x3  
  109  9:40  Probe x3  
  109  9:44  Disruptor  
  110  9:58  Pylon x2  
  110  9:59  Pylon  
  110  10:04  Psionic Storm, Pylon  
  110  10:06  Blink, High Templar, Pylon  
  112  10:09  Pylon  
  112  10:10  Probe  
  112  10:11  Probe x2  
  115  10:18  Assimilator  
  115  10:22  Photon Cannon  
  115  10:25  Probe x3, Photon Cannon  
  115  10:27  Photon Cannon  
  118  10:30  Photon Cannon  
  118  10:35  Photon Cannon  
  118  10:38  Photon Cannon  
  118  10:44  High Templar x4  
  118  10:45  High Templar  
  128  11:10  Photon Cannon  
  128  11:12  Photon Cannon  
  128  11:13  Robotics Bay  
  128  11:15  Photon Cannon  
  128  11:17  Photon Cannon  
  128  11:19  Photon Cannon  
  128  11:20  Stalker x2  
  128  11:21  Stalker x2  
  128  11:22  Photon Cannon  
  125  12:10  Nexus  
  125  12:19  Forge  
  125  12:20  Forge  
  125  12:22  Stalker x3  
  129  12:23  Stalker x2  
  135  12:47  Gateway  
  135  12:48  Gateway  
  135  12:55  Gateway  
  135  12:56  Gateway  
  135  12:57  High Templar x5  
  145  12:58  Gateway  
  145  13:01  Archon x2  
  145  13:05  Archon  
  145  13:10  Protoss Ground Weapons Level 3  
  145  13:11  Protoss Ground Armor Level 3  
  145  13:21  Photon Cannon  
  145  13:22  Photon Cannon  
  145  13:24  Photon Cannon  
  145  13:27  Photon Cannon  
  145  13:29  Photon Cannon  
  144  14:27  Nexus  
  144  14:52  Pylon  
  144  14:58  Stalker x2  
  144  14:59  Pylon  
  148  15:01  Pylon  
  148  15:10  Pylon  
  148  15:12  Pylon  
  148  15:14  Pylon  
  148  15:15  Pylon  
  91  16:06  Stalker  
  91  16:07  Stalker x5  
  91  16:08  Stalker x4  
  107  16:28  Assimilator  
  107  16:33  Assimilator  
  107  16:34  Stargate  
  107  16:36  Stargate, Pylon  
  107  16:38  Pylon  
  107  16:40  Pylon  
  107  16:49  Stalker x5  
  107  16:50  Stalker x2  
  107  16:52  Disruptor  
  117  17:21  Disruptor  
  95  17:37  Stalker  
  95  17:38  Stalker x5  
  95  17:39  Stalker x4  
  115  17:45  Protoss Shields Level 1  
  115  17:53  Colossus  
  121  18:01  Nexus  
  121  18:06  High Templar  
  121  18:07  High Templar x8  
  121  18:11  Archon x4  
  139  18:47  Colossus  
  137  19:41  Observer  
  106  19:53  Fleet Beacon  
  106  19:57  Stalker x7  
  106  19:58  Stalker x3  
  126  20:02  Probe x2  
  126  20:03  Observer, Probe x2  
  131  20:08  Assimilator  
  131  20:14  Probe  
  131  20:15  Probe x3  
  135  20:24  Observer  
  135  20:27  Probe x2  
  138  20:29  Nexus  
  138  20:48  High Templar  
  138  20:49  High Templar x2  
  143  21:21  Zealot  
  143  21:22  Zealot x6  
  143  21:23  Zealot x3  
  163  21:47  Assimilator  
  163  21:51  Assimilator  
  163  21:54  Pylon  
  135  21:55  Pylon  
  89  22:25  Stalker x2  
  89  22:26  Stalker x5  
  89  22:27  Stalker x2  
  107  22:34  Tempest  
  107  22:36  Protoss Air Weapons Level 1  
  107  22:38  Tempest  
  107  22:44  Nexus  
  107  22:48  Assimilator  
  107  22:49  Protoss Shields Level 2  
  81  23:25  Stalker x7  
  81  23:26  Stalker x2  
  97  23:28  Tempest x2  
  107  23:55  Probe x3  
  111  24:02  Stalker  
  112  24:03  Stalker x5  
  112  24:04  Stalker  
  112  24:07  Probe x3  
  127  24:12  Pylon  
  127  24:15  Pylon  
  127  24:16  Pylon  
  127  24:19  Probe x3  
  130  24:25  High Templar  
  130  24:31  High Templar  
  60  25:07  Zealot x2  
  60  25:08  Zealot x7  
  60  25:09  Zealot  
  76  25:27  Probe  
  76  25:28  Probe x2, Nexus  
  66  25:32  Assimilator  
  66  25:33  Probe  
  66  25:34  Assimilator  
  67  25:40  Probe x3  
  67  25:41  Zealot x6  
  67  25:42  Zealot x4  
  90  25:52  Probe x3  
Show
View Real Time Build Order
Export as new Build Order

GhostDk Terran - Winner!

Build Orders:  

Get SALT Encoding   

  12  0:03  SCV  
  13  0:15  SCV  
  13  0:19  Supply Depot  
  15  0:28  SCV  
  15  0:39  Refinery  
  15  0:43  Barracks  
  15  0:48  SCV  
  16  1:00  SCV  
  17  1:12  SCV  
  18  1:24  SCV  
  19  1:36  SCV  
  19  1:38  Command Center  
  20  1:51  Factory  
  20  2:00  Orbital Command  
  20  2:06  Marine  
  21  2:16  Supply Depot  
  21  2:24  Barracks Tech Lab  
  21  2:43  Factory Tech Lab  
  21  2:45  Starport  
  21  2:46  Marine  
  21  2:58  Bunker  
  21  3:02  Barracks  
  21  3:04  Marine  
  22  3:19  Orbital Command  
  22  3:21  Marine  
  23  3:31  SCV  
  24  3:34  Refinery  
  24  3:35  Stimpack  
  23  3:48  SCV x2  
  25  3:50  Cyclone  
  28  4:00  SCV x2  
  28  4:02  Marine  
  32  4:06  Barracks Reactor  
  31  4:12  SCV  
  31  4:13  Starport Tech Lab  
  32  4:18  SCV  
  32  4:20  Marine  
  35  4:24  SCV  
  35  4:35  Cloaking Field  
  35  4:38  Marine  
  35  4:39  SCV x2  
  35  4:43  Refinery  
  38  4:48  Refinery  
  38  4:51  SCV x2  
  40  4:55  Marine x2  
  40  4:56  Marine  
  40  4:57  Banshee  
  46  5:05  Supply Depot  
  46  5:06  Supply Depot  
  46  5:07  Supply Depot  
  46  5:26  Marine x3  
  46  5:27  SCV x2  
  51  5:39  SCV x2, Siege Tank  
  51  5:40  Banshee  
  59  5:44  Marine x3  
  62  5:51  SCV x2  
  62  5:56  Engineering Bay  
  64  6:00  Engineering Bay  
  64  6:02  Marine  
  64  6:03  SCV x2  
  67  6:15  SCV x2  
  69  6:21  Marine  
  69  6:23  Marine x2  
  69  6:27  SCV  
  70  6:38  Terran Infantry Weapons Level 1  
  70  6:47  Marine x3, Banshee  
  70  6:48  SCV x2  
  70  6:49  Supply Depot  
  70  6:50  Supply Depot, Terran Infantry Armor Level 1  
  78  7:02  Supply Depot  
  78  7:03  SCV x2  
  78  7:05  Marine  
  81  7:15  SCV x2  
  80  7:30  Medivac  
  82  7:44  Marine  
  82  7:45  Marine x2  
  85  8:02  Marine  
  85  8:03  Marine x2  
  85  8:19  Refinery, Command Center x2  
  85  8:20  Marine x2  
  85  8:21  Marauder, Starport  
  85  8:23  Refinery  
  85  8:24  Starport  
  90  8:34  SCV x2  
  90  8:38  Marine x2  
  90  8:40  Supply Depot  
  93  8:43  Marauder  
  93  8:46  SCV x2  
  97  8:56  Marine x2  
  97  8:57  Siege Tank  
  102  9:04  Marauder  
  104  9:13  Raven  
  104  9:14  Marine x2  
  108  9:20  Medivac  
  110  9:26  Marauder  
  110  9:29  Siege Tank  
  112  9:39  Liberator  
  112  9:47  Marauder  
  112  9:49  Marine x2  
  108  9:55  Supply Depot x2  
  108  9:56  Supply Depot  
  111  10:00  Planetary Fortress  
  111  10:07  Marine x2  
  111  10:08  Marauder  
  111  10:13  Liberator  
  115  10:24  Marine  
  115  10:25  Marine, Armory  
  115  10:27  Orbital Command  
  117  10:30  Marauder  
  125  10:39  SCV x3, Medivac  
  125  10:42  Marine x2  
  130  10:44  Starport Reactor  
  129  10:51  Marauder, SCV x3  
  134  11:00  Marine x2  
  134  11:03  SCV  
  137  11:06  SCV x2  
  137  11:07  SCV  
  137  11:09  Medivac  
  142  11:12  Marine  
  142  11:18  Marine  
  144  11:30  Marauder  
  136  11:52  Marauder, Liberator x2  
  136  11:53  Liberator  
  125  12:07  Marine x2  
  125  12:09  Medivac  
  125  12:13  Marauder  
  138  12:18  Terran Infantry Armor Level 2, Terran Infantry Weapons Level 2  
  138  12:20  Terran Vehicle And Ship Armor Level 1, Fusion Core  
  138  12:24  Armory  
  138  12:35  Marauder, Liberator x2  
  138  12:36  Liberator  
  140  12:41  Marine x2  
  140  12:42  Command Center  
  145  12:50  Starport Reactor  
  142  12:53  Starport  
  142  12:55  Marine  
  142  12:58  Supply Depot  
  152  12:59  Marine x2  
  152  13:00  Supply Depot  
  154  13:14  Marauder  
  154  13:17  Marine x2  
  158  13:22  Supply Depot  
  158  13:23  Refinery  
  158  13:35  Marine x3, Raven  
  163  13:47  Refinery  
  163  13:52  Marine  
  163  13:53  Marine, Marauder  
  167  13:56  Planetary Fortress  
  167  13:58  SCV  
  167  14:00  SCV x2  
  169  14:14  Terran Vehicle Weapons Level 1, Marauder  
  171  14:18  Raven  
  171  14:36  Marauder  
  163  15:03  Marine  
  163  15:04  Marine, Marauder  
  163  15:05  Terran Infantry Weapons Level 3, Terran Infantry Armor Level 3  
  167  15:11  Terran Vehicle And Ship Armor Level 2  
  167  15:21  Marine x2  
  167  15:25  Marauder  
  163  15:39  Marine x2  
  159  15:47  Marauder  
  145  15:57  Liberator x3  
  145  15:58  Liberator  
  123  16:08  Marauder  
  123  16:09  Marine  
  123  16:10  Marine  
  127  16:12  Battlecruiser  
  127  16:17  Starport Tech Lab  
  145  16:27  Marine x2  
  145  16:29  Marauder  
  149  16:36  Barracks  
  149  16:37  Barracks  
  149  16:38  Barracks  
  149  16:40  Barracks, Liberator  
  149  16:45  Marine x2  
  151  16:51  Marauder  
  153  17:03  Marine x2  
  143  17:12  Marauder  
  140  17:16  Battlecruiser  
  140  17:21  Marine x2  
  140  17:32  Liberator  
  140  17:33  Liberator  
  140  17:34  Marauder  
  124  17:42  Neosteel Armor, Hi-Sec Auto Tracking  
  124  17:43  Marine x4  
  124  17:44  Marine  
  130  17:45  Battlecruiser  
  148  17:54  Marine  
  143  18:00  Marine  
  143  18:01  Marine x4  
  143  18:02  Widow Mine  
  143  18:04  Infernal Pre-Igniter  
  143  18:05  Starport Tech Lab  
  149  18:11  Terran Vehicle Weapons Level 2  
  149  18:12  Marine  
  149  18:14  Marine x2  
  149  18:18  Marine x2  
  149  18:19  Marine x3  
  157  18:20  Battlecruiser  
  157  18:24  Widow Mine  
  165  18:30  Marine  
  165  18:32  Marine x2  
  168  18:36  Marine x2  
  168  18:37  Marine x3, Command Center  
  173  18:41  Command Center  
  173  18:45  Widow Mine  
  173  18:48  Marine  
  176  18:49  Marine  
  176  18:50  Marine, Battlecruiser  
  176  18:54  Marine x3  
  176  18:55  Marine x2  
  187  19:06  Marine, Widow Mine  
  187  19:07  Marine  
  187  19:08  Marine, Battlecruiser  
  198  19:12  Marine x2  
  197  19:23  Mag-Field Accelerator  
  186  19:24  Battlecruiser  
  167  19:52  Advanced Ballistics  
  154  19:53  Rapid Reignition System, Corvid Reactor  
  154  19:54  Marine, Battlecruiser  
  154  19:55  Orbital Command x2  
  154  19:59  Marine  
  162  20:00  Marine x2  
  164  20:26  Refinery  
  164  20:27  Command Center  
  163  20:28  Marine  
  163  20:29  Marine x2, Battlecruiser, Refinery  
  163  20:31  Battlecruiser  
  178  20:39  Terran Vehicle And Ship Armor Level 3  
  178  20:41  Command Center, Refinery  
  178  20:44  Refinery  
  178  20:50  Hyperflight Rotors  
  178  20:58  Battlecruiser  
  178  21:01  Marine  
  178  21:02  Marine x7, Smart Servos  
  192  21:19  Marine  
  192  21:20  Marine x7  
  200  21:25  Missile Turret  
  200  21:26  Missile Turret x2  
  200  21:27  Missile Turret  
  200  21:28  Missile Turret x3  
  198  21:37  Marine x2  
  200  21:43  Bunker x2  
  200  21:44  Sensor Tower, Bunker  
  132  22:15  Marine x8  
  126  22:21  Drilling Claws  
  125  22:32  Marine, Terran Ship Weapons Level 1  
  125  22:33  Marine x7  
  125  22:36  Planetary Fortress  
  125  22:50  Marine  
  125  22:51  Marine x7  
  126  22:54  Planetary Fortress  
  126  22:57  Missile Turret  
  133  23:08  Marine  
  133  23:09  Marine x7  
  134  23:14  Liberator  
  134  23:16  Terran Vehicle Weapons Level 3  
  134  23:18  Missile Turret  
  105  23:26  Marine x5  
  105  23:27  Marine x3  
  106  23:31  Raven  
  116  23:39  Missile Turret  
  116  23:40  Cyclone  
  119  23:44  Marine x7  
  119  23:47  Marine  
  127  23:58  Factory  
  127  24:00  Factory, SCV  
  127  24:01  Factory  
  127  24:02  Marine x7  
  135  24:05  Marine  
  135  24:06  Medivac x2  
  135  24:07  Medivac  
  142  24:12  Cyclone, SCV  
  146  24:19  Marine  
  146  24:20  Marine x6  
  146  24:22  Bunker  
  146  24:23  Marine  
  154  24:24  SCV  
  155  24:36  SCV  
  155  24:37  Marine  
  155  24:38  Marine x6  
  163  24:40  Marine  
  163  24:45  Cyclone  
  163  24:48  SCV  
  145  24:55  Marine x3  
  145  24:56  Marine x4  
  145  24:58  Marine  
  136  25:13  Marine x4  
  140  25:16  Marine  
  140  25:17  Cyclone  
  144  25:24  Marine  
  144  25:25  Marine x2  
  144  25:26  Medivac x2  
  141  25:31  Marine x4  
  141  25:34  Marine  
  146  25:42  Marine  
  147  25:43  Marine x2  
  147  25:44  Factory Tech Lab x3  
  147  25:48  Marine  
  147  25:49  Marine x3  
Tags
 
Add a new tag
Caveats
  • Supply blocks, unpowered buildings, or Contaminate may cause inaccurate times.
  • Supply counts are checked every 10 seconds.